 Dungeon Crawl Stone Soup version 0.28.0-43-g3370ac3207 (webtiles) character file.

Game seed: 14094933497610840970

973 crimpus the Skirmisher (level 8, -2/84 HPs)
             Began as an Ogre Berserker on Mar 7, 2022.
             Was a Priest of Trog.
             Slain by a sky beast (5 damage)
             ... on level 5 of the Dungeon.
             The game lasted 00:07:30 (4952 turns).

crimpus the Skirmisher (Ogre Berserker)             Turns: 4952, Time: 00:07:31

Health: -2/84      AC:  4    Str: 24    XL:     8   Next: 16%
Magic:  8/8        EV: 10    Int:  8    God:    Trog [***...]
Gold:   241        SH:  0    Dex:  8    Spells: 7/7 levels left

rFire   . . .      SeeInvis .   g - +1 dire flail
rCold   . . .      Faith    .   (shield currently unavailable)
rNeg    . . .      Spirit   .   b - +0 animal skin
rPois   +          Reflect  .   (helmet restricted)
rElec   .          Harm     .   i - +0 cloak
rCorr   .          Rampage  .   (gloves unavailable)
Will    ++...                   (boots unavailable)
Stlth   +.........              (no amulet)
HPRegen 1.24/turn               f - ring of poison resistance
MPRegen 0.11/turn               (no ring)

@: strong-willed, on berserk cooldown, regenerating, slowed, very slow
A: large, unfitting armour, tough skin 1
a: Renounce Religion, Berserk, Trog's Hand


You were on level 5 of the Dungeon.
You worshipped Trog.
Trog was most pleased with you.
You visited 1 branch of the dungeon, and saw 5 of its levels.

You collected 241 gold pieces.

Inventory:

Hand Weapons
 a - a +0 mace
 g - a +1 dire flail (weapon)
 l - a +2 whip of venom
Missiles
 k - 2 throwing nets (quivered)
Armour
 b - a +0 animal skin (worn)
 i - a +0 cloak (worn)
Jewellery
 f - a ring of poison resistance (left hand)
 h - a ring of magical power
Wands
 c - a wand of digging (5)
Scrolls
 d - a scroll of immolation
 e - a scroll of holy word
 j - a scroll of identify


   Skills:
 + Level 6.9 Fighting
 + Level 6.9 Maces & Flails
 + Level 4.6 Dodging


You had 7 spell levels left.
You didn't know any spells.
Your spell library was empty.

Dungeon Overview and Level Annotations

Branches:
Dungeon (5/15)
 Temple: D:4-7

Altars:
Kikubaaqudgha

Shops:
D:1 (


Innate Abilities, Weirdness & Mutations

You are too large for most types of armour.
You have tough skin. (AC +1)


Message History

You barely miss the water moccasin.
You feel sick. The water moccasin bites you!
You barely miss the water moccasin.
Your surroundings suddenly seem different.
A sky beast and an ogre come into view.
You feel sick.
The ogre shouts!
You closely miss the sky beast.
You feel sick.
You feel sick.
You feel a strong urge to attack something.
You feel sick. The ogre hits you with a +0 giant club!
* * * LOW HITPOINT WARNING * * *
You feel sick.
You feel your anger nearly subside.
You are no longer berserk.
You are exhausted.
You feel yourself slow down.
You feel sick.
You feel sick.
You feel sick.
You feel sick.
You are no longer poisoned.
The sky beast hits you.
* * * LOW HITPOINT WARNING * * *
The sky beast shocks you.
* * * LOW HITPOINT WARNING * * *
The sky beast hits you but does no damage.
The sky beast barely misses you.
Your skin crawls.
You feel strong-willed.
The sky beast hits you but does no damage.
The sky beast hits you but does no damage.
The sky beast flickers out of sight!
Deactivating autopickup; reactivate with Ctrl-A.
Something hits you.
* * * LOW HITPOINT WARNING * * *
Something shocks you.
* * * LOW HITPOINT WARNING * * *
Something hits you.
* * * LOW HITPOINT WARNING * * *
Something shocks you.
You die...

#### ...#
#########..#
#.....O.@..#
#.########.#
#.# .# #.# #
######.#
#......#
........###
####.#......
...#..####


You could see an ogre.

Vanquished Creatures
  A black bear (D:5)
  2 necrophages (D:5)
  A water moccasin zombie (D:5)
  2 scorpions
  2 water moccasin skeletons
  2 hounds
  2 iguanas (D:5)
  An orc wizard (D:4)
  A hound skeleton (D:4)
  7 gnolls
  A howler monkey skeleton (D:4)
  7 adders
  2 adder skeletons (D:4)
  3 worms
  3 dart slugs
  3 orcs (D:4)
  5 ball pythons
  8 bats
  6 endoplasms
  3 giant cockroaches
  7 goblins
  4 hobgoblins
  4 quokkas
  4 frilled lizards
  5 kobolds
  8 rats
94 creatures vanquished.

Vanquished Creatures (collateral kills)
  A water moccasin skeleton (D:4)
  A gnoll (D:4)
  3 orcs (D:4)
5 creatures vanquished.

Grand Total: 99 creatures vanquished

Notes
Turn   | Place    | Note
-------+----------+-------------------------------------------
     0 | D:1      | crimpus the Ogre Berserker began the quest for the Orb.
     0 | D:1      | Reached XP level 1. HP: 24/24 MP: 1/1
    27 | D:1      | Reached XP level 2. HP: 32/32 MP: 2/2
   267 | D:1      | Found Difimyk's Antique Weapon Boutique.
   617 | D:2      | Reached XP level 3. HP: 40/40 MP: 3/3
   920 | D:2      | Reached ** piety under Trog
  1043 | D:2      | Found an ancient bone altar of Kikubaaqudgha.
  1546 | D:3      | Reached XP level 4. HP: 48/49 MP: 4/4
  2568 | D:4      | Reached XP level 5. HP: 55/55 MP: 5/5
  2586 | D:4      | Reached skill level 5 in Fighting
  3152 | D:4      | Reached XP level 6. HP: 66/66 MP: 6/6
  3214 | D:4      | Reached skill level 5 in Maces & Flails
  3502 | D:4      | Reached *** piety under Trog
  3920 | D:4      | Reached XP level 7. HP: 74/74 MP: 7/7
  4267 | D:5      | Entered Level 5 of the Dungeon
  4698 | D:5      | Reached XP level 8. HP: 84/84 MP: 8/8
  4917 | D:5      | Noticed a troll
  4943 | D:5      | HP: 4/84 [sky beast (5)]
  4950 | D:5      | HP: 3/84 [something (5)]
  4952 | D:5      | Slain by a sky beast

Illustrated notes

Levels and vault maps discovered:
D:1:      dpeg_arrival_simpleton_a, layout_rooms,
          shapermc_ecumenical_altar_mp_urbaneastern, serial_shops, shop
D:2:      layout_basic, basic_altar, minmay_misc_feat_diagonals,
          serial_park_tiny_pond
D:3:      layout_basic, minmay_quantized
D:4:      layout_loops_ring
D:5:      layout_basic, hangedman_decor_growths, minmay_manual_monolith

Skill      XL: |  1  2  3  4  5  6  7 |
---------------+----------------------+-----
Maces & Flails | 3 4 5 6 |  6.9
Dodging        | 3 4 |  4.6
Fighting       | 5 6 |  6.9

Action                   |  1- 3 |  4- 6 |  7- 9 || total
-------------------------+-------+-------+-------++-------
Melee: Mace              |    99 |    33 |       ||   132
       Punch             |     1 |       |       ||     1
       Dire flail        |       |   125 |    70 ||   195
Invok: Berserk           |     1 |     4 |     2 ||     7
       Trog's Hand       |       |     1 |     1 ||     2
  Use: Scroll            |       |     9 |     1 ||    10
       Potion            |       |     1 |       ||     1
 Stab: Sleeping          |       |     1 |       ||     1
Armor: Animal skin       |    40 |    45 |    17 ||   102
Dodge: Dodged            |    60 |    77 |    30 ||   167
